 Dungeon Crawl Stone Soup version 0.28.0 (webtiles) character file.

Game seed: 15986638279470997316

265 enile the Skirmisher (level 5, 0/48 HPs)
             Began as a Draconian Transmuter on Feb 17, 2022.
             Was a Follower of Zin.
             Slain by an orc (1 damage)
             ... on level 3 of the Dungeon.
             The game lasted 00:05:20 (2782 turns).

enile the Skirmisher (Draconian Transmuter)         Turns: 2782, Time: 00:05:21

Health: 0/48       AC:  5    Str: 13    XL:     5   Next: 99%
Magic:  8/8        EV: 12    Int: 15    God:    Zin [*.....]
Gold:   46         SH:  0    Dex: 11    Spells: 7/8 levels left

rFire   . . .      SeeInvis .   j - +1 whip (distort)
rCold   . . .      Faith    .   (no shield)
rNeg    . . .      Spirit   .   (armour unavailable)
rPois   .          Reflect  .   (helmet restricted)
rElec   .          Harm     .   (no cloak)
rCorr   .          Rampage  .   (no gloves)
Will    .....                   (no boots)
Stlth   ++........              (no amulet)
HPRegen 0.16/turn               (no ring)
MPRegen 0.11/turn               (no ring)

@: brilliant, hasted, very quick
A: AC +5, unfitting armour, cold-blooded
a: Renounce Religion, Recite, Donate Gold


You were on level 3 of the Dungeon.
You worshipped Zin.
Zin was aware of your devotion.
You visited 1 branch of the dungeon, and saw 3 of its levels.

You collected 51 gold pieces.
You donated 5 gold pieces to Zin.

Inventory:

Hand Weapons
 d - a +0 dagger
 j - a +1 whip of distortion (weapon)
 l - a +0 trident
 o - a +0 whip of freezing
 q - a +0 quarterstaff
Missiles
 f - 2 curare-tipped darts (quivered)
 n - 2 datura-tipped darts
Scrolls
 a - 2 scrolls of teleportation {unknown}
 c - a scroll of magic mapping {unknown}
 e - a scroll of vulnerability {unknown}
 k - a scroll of fog {unknown}
Potions
 b - a potion of ambrosia {unknown}
 g - a potion of flight {unknown}
 h - a potion of brilliance
 m - a potion of magic {unknown}


   Skills:
 - Level 5.0 Fighting
 - Level 2.0 Maces & Flails
 - Level 3.0 Dodging
 + Level 1.4 Stealth
 - Level 3.0 Unarmed Combat
 - Level 2.0 Spellcasting
 - Level 2.0 Transmutations


You had 7 spell levels left.
You knew the following spells:

 Your Spells              Type           Power      Damage    Failure   Level
a - Beastly Appendage     Tmut           22%        N/A       10%         1

Your spell library contained the following spells:

 Spells                   Type           Power      Damage    Failure   Level
 Wereblood                Tmut           11%        N/A       14%         2
 Spider Form              Tmut/Pois      6%         N/A       41%         3
 Ice Form                 Ice/Tmut       6%         N/A       82%         4
 Fulminant Prism          Conj/Hex       1%         3d6       91%         4
 Iskenderun's Mystic Bla  Conj/Tloc      2%         2d3       91%         4
 Lee's Rapid Deconstruct  Erth           1%         3d5*      99%         5


Dungeon Overview and Level Annotations

Branches:
Dungeon (3/15)

Altars:
Zin

Annotations:
D:2 1 runed translucent door euf, Crazy Yiuf
Abyss:1 Sigmund


Innate Abilities, Weirdness & Mutations

Your plain brown scales are hard. (AC +5)
You cannot fit into any form of body armour.
You are cold-blooded and may be slowed by cold attacks.


Message History

You closely miss the orc priest.
The orc priest is almost dead.
The orc misses you.
The orc priest hits you but does no damage.
You closely miss the orc priest.
The orc priest is almost dead.
The orc closely misses you.
The orc priest mumbles some strange prayers to Beogh against you.
Beogh smites you!
* * * LOW HITPOINT WARNING * * *
Okay, then.
Throw: throwing net
Press: ? - help, Q - select action, (/) - cycle Shift-Dir - straight line, f - orc priest
Aim: an orc priest, wielding a +0 flail and wearing a +0 leather armour (almost dead, 57% to hit)
You throw a throwing net. The throwing net hits the orc priest.
The orc priest is caught in the net!
The orc priest is almost dead.
The orc hits you but does no damage.
The orc priest struggles against the net.
You strike the helpless orc priest from behind!
You hit the orc priest but do no damage.
The orc priest is almost dead.
The orc hits you with a +0 dagger.
* * * LOW HITPOINT WARNING * * *
The orc priest struggles against the net.
You catch the helpless orc priest completely off-guard!
You hit the orc priest but do no damage.
You tail-slap the orc priest.
The orc priest is almost dead.
The orc barely misses you.
The orc priest invokes the aid of Beogh against you.
Pain shoots through your body!
* * * LOW HITPOINT WARNING * * *
The orc priest struggles against the net.
It was a potion of brilliance.
You feel clever all of a sudden. The orc barely misses you.
It was a potion of haste.
You feel yourself speed up. The orc hits you with a +0 dagger.
You die...

### ..# #.# #.# #o#
#@# #o# ## #####.#####
.# #.......o.# .#
#.###.###.# .# #.....#
#.# .# #
####...#####o##o##...#
+..............)oo....
####...#####.#####....


You could see an orc priest (caught) and an orc.

Vanquished Creatures
  Terence (D:2)
  3 gnolls (D:3)
  An adder (D:2)
  3 orcs (D:3)
  A ball python (D:1)
  10 endoplasms
  2 goblins
  4 hobgoblins
  A quokka (D:3)
  2 bats
  3 frilled lizards
  3 kobolds
  5 rats
39 creatures vanquished.

Notes
Turn   | Place    | Note
-------+----------+-------------------------------------------
     0 | D:1      | enile the Draconian Transmuter began the quest for the Orb.
     0 | D:1      | Reached XP level 1. HP: 16/16 MP: 3/3
   270 | D:1      | Found a faded altar of an unknown god.
   273 | D:1      | Reached skill level 2 in Fighting
   281 | D:1      | Reached XP level 2. HP: 24/24 MP: 5/5
   286 | D:1      | Prayed at the altar of an unknown god.
   286 | D:1      | Became a worshipper of Zin the Law-Giver
   286 | D:1      | Reached * piety under Zin
   763 | D:2      | Noticed Sigmund
  1303 | D:2      | Reached skill level 3 in Fighting
  1412 | D:2      | Reached XP level 3. HP: 31/31 MP: 6/6
  1414 | D:2      | Noticed Terence
  1420 | D:2      | Killed Terence
  1630 | D:2      | Reached skill level 4 in Fighting
  2153 | D:2      | Banished Sigmund
  2154 | D:2      | Reached skill level 1 in Maces & Flails
  2154 | D:2      | Reached skill level 5 in Fighting
  2154 | D:2      | Reached XP level 4. HP: 42/42 MP: 7/7
  2154 | D:2      | Reached XP level 5. HP: 48/48 MP: 8/8
  2247 | D:2      | Found a runed translucent door.
  2248 | D:2      | Noticed Crazy Yiuf
  2709 | D:3      | Reached skill level 1 in Stealth
  2780 | D:3      | HP: 1/48 [orc priest/nerve-wracking pain (10)]
  2782 | D:3      | Slain by an orc

Illustrated notes

Levels and vault maps discovered:
D:1:      elethiomel_arrival_infinity_welcomes_careful_drivers, layout_rooms,
          ebering_ecumenical_altar_petrified
D:2:      layout_loops_ring, uniq_crazy_yiuf_cottage, uniq_sigmund, uniq_terence
D:3:      layout_loops_corners, grunt_gozag_breadcrumbs, tgw_kikubaaqudgha

Skill      XL: |  1  2  3  4  5 |
---------------+----------------+-----
Fighting       | 2 3 5 |  5.0
Dodging        | 2 3 |  3.0
Maces & Flails | 1 2 |  2.0
Stealth        | 1 |  1.4
Unarmed Combat | |  3.0
Spellcasting   | |  2.0
Transmutations | |  2.0

Action                   |  1- 3 |  4- 6 || total
-------------------------+-------+-------++-------
Melee: Dagger            |    20 |       ||    20
       Unarmed           |     4 |       ||     4
       Tailslap          |     4 |     2 ||     6
       Punch             |     4 |     1 ||     5
       Kick              |     1 |       ||     1
       Headbutt          |     1 |       ||     1
       Whip              |    35 |    37 ||    72
Throw: Dart              |     1 |       ||     1
       Throwing net      |       |     1 ||     1
 Cast: Beastly Appendage |     4 |       ||     4
  Use: Potion            |       |     2 ||     2
 Stab: Sleeping          |     4 |     1 ||     5
       Held in net/web   |       |     2 ||     2
Armor: Skin              |    14 |     9 ||    23
Dodge: Dodged            |    34 |    17 ||    51
